 Dungeon Crawl Stone Soup version 0.26-a0-672-g1df16c3386 (webtiles) character file.

Game seed: 5466457018246507146

321 strifetoe the Chopper (level 6, -1/54 HPs)
             Began as a Palentonga Fighter on Oct 20, 2020.
             Splashed by Ijyb's acid (12 damage)
             ... on level 2 of the Dungeon.
             The game lasted 00:03:19 (2745 turns).

strifetoe the Chopper (Palentonga Fighter)          Turns: 2745, Time: 00:03:19

Health: -1/54      AC:  2    Str: 22    XL:     6   Next: 22%
Magic:  6/6        EV:  5    Int:  8    God:
Gold:   187        SH:  8    Dex:  9    Spells: 5/5 levels left

rFire    . . .     SeeInvis +   a - +0 war axe
rCold    . . .     Faith    .   c - +0 kite shield
rNeg     . . .     Spirit   .   b - +0 scale mail
rPois    .         Reflect  .   (no helmet)
rElec    .         Harm     .   (no cloak)
rCorr    .         Rampage  .   (no gloves)
MR       .....                  (no barding)
Stlth    ..........             (no amulet)
HPRegen  0.18/turn              (no ring)
MPRegen  0.10/turn              (no ring)

@: mighty, corroded
A: large, rugged brown scales 3, see invisible, deformed body, roll, armoured
tail
a: Rolling Charge


You were on level 2 of the Dungeon.
You visited 1 branch of the dungeon, and saw 3 of its levels.
You also visited: Sewer.

You collected 187 gold pieces.

Inventory:

Hand Weapons
 a - a +0 war axe (weapon)
Armour
 b - a +0 scale mail (worn)
 c - a +0 kite shield (worn)
Scrolls
 g - a scroll of immolation {unknown}
 h - a scroll of enchant weapon {unknown}
 i - a scroll of teleportation {unknown}
 j - a scroll of amnesia {unknown}
 k - 2 scrolls of noise {unknown}
 l - a scroll of enchant armour {unknown}
 m - a scroll of random uselessness {unknown}
Potions
 d - a potion of might
 e - 3 potions of flight
 f - 3 potions of heal wounds


   Skills:
 - Level 3.0 Fighting
 + Level 6.6 Axes
 - Level 2.4 Armour
 - Level 2.4 Shields


You had 5 spell levels left.
You didn't know any spells.
Your spell library was empty.

Dungeon Overview and Level Annotations

Branches:
Dungeon (3/15)              Sewer (visited)

Altars:

Annotations:
D:2 Ijyb


Innate Abilities, Weirdness & Mutations

You are completely covered in rugged brown scales. (AC +3, +7% HP)
You have supernaturally acute eyesight. (SInv)
Armour fits poorly on your strangely shaped body.
You can roll at foes to attack.
You have a long armoured tail.


Message History

Ijyb zaps a wand.
The bolt of acid hits you.
You are splashed with acid!
Ijyb hits you with a +0 dagger.
There is a stone staircase leading up here.
Ijyb hits you but does no damage.
You climb upwards.
There is a stone staircase leading down here.
You hit Ijyb.
Ijyb is lightly wounded.
Ijyb hits you but does no damage.
You closely miss Ijyb.
Ijyb is lightly wounded.
Ijyb zaps a wand.
The bolt of acid hits you.
You are splashed with acid!
You feel very mighty all of a sudden. You block Ijyb's attack.
You slash Ijyb!
Ijyb is severely wounded.
Ijyb zaps a wand.
The bolt of acid hits you!
* * * LOW HITPOINT WARNING * * *
The acid corrodes you!
You are splashed with acid!
You die...

## .# .# #######
.# #.....# .#
#.###.#
.###.###.#########
^.(†)..........†@#
.)######.....###g#
#)# #..[..'.#.#
÷)######.....#.#.#
###...########.#.#
###......#####.#.#
.)#......##....#.#
..+......##.##.#.#
..###....##.##.#.#


You could see Ijyb.

Vanquished Creatures
  A big kobold (Sewer)
  4 orc wizards (D:3)
  Robin (D:2)
  2 river rats
  An adder (D:3)
  3 oozes
  A worm (D:3)
  2 dart slugs
  A leopard gecko (D:3)
  5 orcs (D:3)
  2 bats
  A giant cockroach (D:2)
  9 hobgoblins
  A jackal (Sewer)
  2 quokkas
  6 frilled lizards
  17 goblins
  12 kobolds
  13 rats
84 creatures vanquished.

Vanquished Creatures (others)
  A giant cockroach (D:3)
  A kobold (D:3)
2 creatures vanquished.

Grand Total: 86 creatures vanquished

Notes
Turn   | Place    | Note
-------+----------+-------------------------------------------
     0 | D:1      | strifetoe the Palentonga Fighter began the quest for the
                  | Orb.
     0 | D:1      | Reached XP level 1. HP: 20/20 MP: 1/1
   295 | D:1      | Reached XP level 2. HP: 20/27 MP: 2/2
   392 | D:1      | Reached skill level 3 in Axes
   514 | D:1      | Reached XP level 3. HP: 33/33 MP: 3/3
   809 | D:2      | Noticed Robin
   825 | D:2      | Killed Robin
   825 | D:2      | Reached skill level 4 in Axes
  1160 | D:2      | Reached XP level 4. HP: 36/40 MP: 4/4
  1338 | D:3      | Reached skill level 5 in Axes
  1354 | D:3      | HP: 3/60 [poisoned by an adder]
  1361 | D:3      | HP: 3/60 [poisoned by an adder]
  1369 | D:3      | HP: 2/60 [poisoned by an adder]
  1518 | D:3      | Found a glowing drain.
  1534 | Sewer    | Entered a sewer
  1538 | Sewer    | Reached XP level 5. HP: 23/48 MP: 5/5
  2187 | Sewer    | Found a glowing silver altar of Zin.
  2304 | D:3      | Reached skill level 6 in Axes
  2324 | D:3      | Reached XP level 6. HP: 36/54 MP: 6/6
  2568 | D:3      | Noticed Ijyb
  2745 | D:2      | Splashed by Ijyb's acid

Illustrated notes

Levels and vault maps discovered:
D:1:      dpeg_arrival_court, layout_basic, serial_glass, glass_columns_a,
          glass_columns_a, kennysheep_flooded_box, minmay_split_cup_small
D:2:      layout_basic, uniq_robin
D:3:      minmay_skewed_foursquare, layout_loops_ring, elyvilon_altar_4,
          portal_sewer_entry_a, uniq_ijyb, uniq_natasha, uniq_jessica

Skill      XL: |  1  2  3  4  5 |
---------------+----------------+-----
Axes           | 3 4 5 6 |  6.6
Fighting       | |  3.0
Armour         | |  2.4
Shields        | |  2.4

Action                   |  1- 3 |  4- 6 || total
-------------------------+-------+-------++-------
Melee: War axe           |    92 |   100 ||   192
       Tailslap          |     6 |    15 ||    21
  Use: Potion            |       |     5 ||     5
Armor: Scale mail        |    37 |    49 ||    86
       Skin              |       |     4 ||     4
Dodge: Dodged            |    16 |    26 ||    42
Block: Kite shield       |    36 |    60 ||    96

Table legend: (Time is in decaauts)
 A = Elapsed time spent in this place.
 B = Non-inter-level travel time spent in this place.
 C = Inter-level travel time spent in this place.
 D = Time resting spent in this place.
 E = Time spent auto-exploring this place.
 F = Levels seen in this place.
 G = Mean time per level.
                   A        B        C        D        E       F      G
               +--------+--------+--------+--------+--------+-----+--------+
         Total |   2844 |   2804 |     40 |    898 |   1418 |   4 |  711.0 |
       Dungeon |   2109 |   2069 |     40 |    369 |   1292 |   3 |  703.0 |
         Sewer |    734 |    734 |      0 |    529 |    125 |   1 |  734.0 |
               +--------+--------+--------+--------+--------+-----+--------+

Top non-repeatable levels by time:
     D:1: 818 daAuts
   Sewer: 734 daAuts
     D:2: 688 daAuts
     D:3: 603 daAuts
